 Dungeon Crawl Stone Soup version 0.19-a0-1740-g0bcaf2e (webtiles) character file.

21493 Amnesiac the Covert (level 12, -4/66 HPs)
             Began as a Deep Elf Earth Elementalist on Oct 2, 2016.
             Was an Initiate of Gozag.
             Slain by kae's ghost (23 damage)
             ... on level 3 of the Lair of Beasts.
             The game lasted 00:34:06 (13674 turns).

Amnesiac the Covert (Deep Elf Earth Elementalist)  Turns: 13674, Time: 00:34:07

Health: -4/66      AC:  7    Str:  5    XL:     12   Next: 54%
Magic:  18/31      EV: 20    Int: 22    God:    Gozag
Gold:   2808       SH:  0    Dex: 22    Spells: 5 memorised, 24 levels left

rFire  . . .     SeeInvis .     (no weapon)
rCold  . . .     Gourm    .     y - +2 robe of Moetao {rN+ Dex+3}
rNeg   + . .     Faith    .     (no shield)
rPois  .         Spirit   .     (helmet restricted)
rElec  .         Dismiss  .     m - +0 cloak
rCorr  .         Reflect  .     I - +0 pair of gloves
MR     +....     Harm     .     l - +0 pair of boots
Stlth  ++++++.... Rnd*Rage +    A - amulet of magic regeneration
                                (no ring)
                                (no ring)

@: confusing touch (expiring), very slightly contaminated
A: horns 1, berserk 1, blurry vision 1
a: Potion Petition, Call Merchant, Bribe Branch, Renounce Religion


You were on level 3 of the Lair of Beasts.
You worshipped Gozag.
Gozag was most pleased with you.
You were not hungry.

You visited 3 branches of the dungeon, and saw 13 of its levels.

You collected 2848 gold pieces.
You paid 40 gold pieces to Gozag.

Inventory:

Hand Weapons
 E - a +0 dagger of venom
Missiles
 w - 99 stones (quivered)
 F - a throwing net
Armour
 l - a +0 pair of boots (worn)
 m - a +0 cloak (worn)
 y - the +2 robe of Moetao (worn) {rN+ Dex+3}
   (You took it off a wight on level 7 of the Dungeon)

   It affects your dexterity (+3).
   It protects you from negative energy.
 I - a +0 pair of gloves (worn)
Magical Staves
 D - an uncursed staff of energy
Jewellery
 r - an uncursed ring of resist corrosion {unknown}
 A - an amulet of magic regeneration (around neck)
Wands
 c - a wand of lightning (11/15)
 s - a wand of lightning (8/15)
 B - a wand of hasting (8/9)
 J - a wand of enslavement (6/24)
Scrolls
 a - a scroll of enchant weapon
 d - a scroll of fear
 h - a scroll of enchant armour {unknown}
 j - a scroll of teleportation
 n - 4 scrolls of recharging
 o - 2 scrolls of magic mapping {unknown}
 q - a scroll of brand weapon
 t - 7 scrolls of remove curse
Potions
 g - a potion of lignification
 k - 3 potions of brilliance
 p - 3 potions of might
 v - 2 potions of berserk rage
 x - a potion of magic
 z - 2 potions of resistance
Books
 e - a book of Geomancy

   Spells                             Type                      Level
   a - Sandblast                      Earth                        1
   b - Passwall                       Transmutation/Earth          2
   c - Stone Arrow                    Conjuration/Earth            3
   d - Petrify                        Transmutation/Earth          4
   e - Lee's Rapid Deconstruction     Earth                        5
 C - a book of Cantrips

   Spells                             Type                      Level
   a - Confusing Touch                Hexes                        1
   b - Animate Skeleton               Necromancy                   1
   c - Summon Small Mammal            Summoning                    1
   d - Apportation                    Translocation                1
 K - a book of Unlife

   Spells                             Type                      Level
   a - Recall                         Summoning/Translocation      3
   b - Animate Dead                   Necromancy                   4
   c - Control Undead                 Necromancy                   4
   d - Cigotuvi's Embrace             Necromancy                   5
   e - Death Channel                  Necromancy                   6
   f - Simulacrum                     Ice/Necromancy               6
Comestibles
 f - 7 royal jellies
 i - a meat ration
 u - 10 fruits
 G - a bread ration
 H - 6 beef jerkies


   Skills:
 + Level 4.0 Fighting
 - Level 10.0 Short Blades
 - Level 8.3 Dodging
 - Level 13.0 Stealth
 - Level 13.0 Spellcasting
 - Level 3.0 Transmutations
 - Level 10.0 Earth Magic


You had 24 spell levels left.
You knew the following spells:

 Your Spells              Type           Power        Failure   Level  Hunger
a - Lee's Rapid Deconstr  Erth           ######....   1%          5    ###....
b - Confusing Touch       Hex            ##....       6%          1    None
e - Petrify               Tmut/Erth      #####...     3%          4    None
f - Sandblast             Erth           ######       1%          1    None
v - Passwall              Tmut/Erth      #####.....   1%          2    None


Dungeon Overview and Level Annotations

Branches:
Dungeon (8/15)             Temple (1/1) D:5            Lair (4/6) D:8
  Swamp (0/4) Lair:2
  Snake: Lair:2-4    Spider: Lair:2-4

Altars:
Cheibriados
Dithmenos
Fedhas
Gozag
Hepliaklqana
Kikubaaqudgha
Makhleb
Nemelex Xobeh
Qazlal
Ru
Sif Muna
Trog
Uskayaw
Zin

Shops:
D:5 [

Annotations:
Lair:3 kae's ghost, journeyman FoFi


Innate Abilities, Weirdness & Mutations

You have a pair of small horns on your head.
You tend to lose your temper in combat.
Scrolls take you a little longer to read.


Message History

Kae's ghost hits you!!
There is a stone staircase leading down here.
Really attack barehanded? [Y]es or [N]o only, please.
Really attack barehanded?
You closely miss kae's ghost.
You headbutt kae's ghost, but do no damage.
Kae's ghost hits you!
You hit kae's ghost but do no damage.
You headbutt kae's ghost, but do no damage.
Kae's ghost hits you!
You hit kae's ghost but do no damage. Kae's ghost misses you.
You closely miss kae's ghost.
Kae's ghost hits you but does no damage.
You hit kae's ghost but do no damage. Kae's ghost hits you!
* * * LOW HITPOINT WARNING * * *
Okay, then.
Kae's ghost hits you!!
You die...
Your body crumbles into a pile of gold.

# #.# ###..###.. ##.
##.## ### ### .....
####P..#### ###P ##.#.
#..#..###.#####.##
##...
#(...!..)..#.#.#..
.....#
#####.#...#...........
.##...##
#.......##############
......P### #.......#
.........###...W@..#
...#.....##........#
.##.%P.............#
.###.#..###..>.....# .
...##.# ##.......#
#.#P #.# #.......# #
## #.# #.......# #.#
.###....# P.# ##
#..#.#


You could see kae's ghost.

Vanquished Creatures
  3 hydras
  An elephant (Lair:2)
  A black mamba (Lair:1)
  4 spiny frogs
  5 komodo dragons
  A rime drake (Lair:2)
  A queen bee (Lair:2)
  A polar bear (Lair:3)
  9 blink frogs
  3 hippogriffs
  Sigmund (D:3)
  26 yaks
  4 basilisks
  2 wyverns
  4 swamp worms (Lair:2)
  11 water moccasins
  6 porcupines
  5 black bears
  3 ice beasts
  4 orc warriors
  4 ogres (D:8)
  8 wolves
  4 centaurs
  9 crocodiles
  4 bullfrogs
  2 scorpions
  29 killer bees (Lair:2)
  4 wights (D:7)
  An electric eel (Lair:2)
  A bullfrog zombie (D:7)
  2 crimson imps
  3 centaur zombies
  3 hounds
  A jelly (D:7)
  6 orc priests
  A centaur skeleton (D:5)
  3 bullfrog skeletons
  Jessica (D:3)
  6 iguanas
  6 orc wizards
  11 worker ants
  A hound skeleton (D:7)
  2 worker ant zombies
  6 adders
  23 river rats
  A shadow imp (D:5)
  3 oozes
  2 worms (D:2)
  5 leopard geckos
  35 orcs
  9 bats
  3 giant cockroaches
  8 goblins
  4 hobgoblins
  9 jackals
  6 quokkas
  7 frilled lizards
  6 kobolds
  A leopard gecko skeleton (D:4)
  11 rats
  3 fungi
349 creatures vanquished.

Vanquished Creatures (others)
  12 fungi
  A plant (Lair:1)
  10 toadstools (Lair:3)
23 creatures vanquished.

Grand Total: 372 creatures vanquished

Notes
Turn   | Place    | Note
-------+----------+-------------------------------------------
     0 | D:1      | Amnesiac the Deep Elf Earth Elementalist began the quest for the Orb.
     0 | D:1      | Reached XP level 1. HP: 10/10 MP: 6/6
    70 | D:1      | Reached XP level 2. HP: 15/15 MP: 0/8
   143 | D:1      | Learned a level 2 spell: Passwall
   342 | D:2      | Reached XP level 3. HP: 19/19 MP: 8/10
   590 | D:4      | Reached skill level 5 in Earth Magic
   590 | D:4      | Reached XP level 4. HP: 24/24 MP: 8/12
   596 | D:4      | Learned a level 4 spell: Petrify
   684 | D:4      | Reached XP level 5. HP: 28/28 MP: 10/14
   700 | D:4      | Learned a level 5 spell: Lee's Rapid Deconstruction
   757 | D:4      | Reached skill level 5 in Spellcasting
  1046 | D:5      | Entered Level 5 of the Dungeon
  1176 | D:5      | Noticed a centaur
  1188 | D:5      | Reached XP level 6. HP: 32/32 MP: 11/16
  1412 | D:5      | Found a staircase to the Ecumenical Temple.
  1422 | Temple   | Entered the Ecumenical Temple
  1901 | Temple   | Became a worshipper of Gozag Ym Sagoz the Greedy
  1907 | D:5      | Reached XP level 7. HP: 31/36 MP: 15/18
  2887 | D:3      | Noticed Jessica
  2890 | D:3      | Killed Jessica
  2910 | D:3      | Noticed Sigmund
  2914 | D:3      | Killed Sigmund
  3656 | D:5      | Reached XP level 8. HP: 41/41 MP: 18/21
  3805 | D:5      | Found Osadd's Armour Shoppe.
  4984 | D:6      | Reached skill level 1 in Short Blades
  5999 | D:7      | Reached skill level 5 in Short Blades
  6007 | D:7      | Reached XP level 9. HP: 34/45 MP: 3/24
  6263 | D:7      | Got a dull robe
  6274 | D:7      | Identified the +2 robe of Moetao {rN+ Dex+3} (You took it off a wight on level 7 of the Dungeon)
  6763 | D:7      | Reached skill level 10 in Spellcasting
  7273 | D:8      | Reached skill level 10 in Earth Magic
  7602 | D:7      | Reached skill level 5 in Stealth
  7896 | D:8      | Reached XP level 10. HP: 43/50 MP: 9/26
  8305 | D:8      | Found a staircase to the Lair.
  8355 | Lair:1   | Entered Level 1 of the Lair of Beasts
  8416 | Lair:1   | Gained mutation: Scrolls take you a little longer to read. [potion of mutation]
  8416 | Lair:1   | Gained mutation: You tend to lose your temper in combat. [potion of mutation]
  8416 | Lair:1   | Gained mutation: You have a pair of small horns on your head. [potion of mutation]
  8610 | Lair:1   | Reached skill level 10 in Stealth
  8815 | Lair:1   | Identified a scroll of acquirement
  9248 | Lair:1   | Noticed a spiny frog
  9259 | Lair:1   | Noticed a black mamba
  9267 | Lair:1   | Noticed a seven-headed hydra
  9276 | Lair:1   | Killed a black mamba
  9276 | Lair:1   | Killed a seven-headed hydra
  9289 | Lair:1   | Noticed a spiny frog
  9296 | Lair:1   | Killed a spiny frog
  9433 | Lair:1   | Reached XP level 11. HP: 9/54 MP: 14/27
  9439 | Lair:1   | Reached skill level 10 in Short Blades
 10595 | Lair:2   | Noticed a seven-headed hydra
 10695 | Lair:2   | Killed a seven-headed hydra
 10713 | Lair:2   | Reached skill level 5 in Dodging
 11157 | Lair:2   | HP: 2/54 [killer bee (6)]
 11214 | Lair:2   | HP: 1/81 [elephant (11)]
 11347 | Lair:2   | HP: 2/54 [blink frog (6)]
 12004 | Lair:2   | Reached XP level 12. HP: 59/59 MP: 17/30
 13171 | Lair:2   | Reached skill level 1 in Fighting
 13175 | Lair:2   | Found a staircase to the Swamp.
 13497 | Lair:3   | Noticed a four-headed hydra
 13561 | Lair:3   | Killed a four-headed hydra
 13634 | Lair:3   | Noticed kae's ghost (journeyman FoFi)
 13663 | Lair:4   | Learned a level 1 spell: Confusing Touch
 13674 | Lair:3   | Slain by kae's ghost

Vault maps used:
D:1:      sevenhm_arrival_forest_fort_small_6, st_stairs_10, serial_park_tiny_1
D:2:      first_bread
D:3:      uniq_sigmund, uniq_jessica
D:5:      serial_shops, nicolae_shop_trees
D:7:      minivault_1
D:8:      dpeg_oklobed_lair, grunt_ogre_cave
Temple:   dpeg_three_leaves_temple
Lair:1:   grunt_megastairs_2
Lair:2:   regret_index_bee_streams, nicolae_swamp_entry_splash_gauntlet
Lair:3:   tgw_fedhas
Lair:4:   guppyfry_snake_entry_island, portal_ice_cave_rime, st_stairs_12,
          lemuel_old_faithful

Skill      XL: |  1  2  3  4  5  6  7  8  9 10 11 12 |
---------------+-------------------------------------+-----
Earth Magic    | 4 5 6 7 8 9 10 | 10.0
Spellcasting   | 4 5 6 7 9 10 12 13 | 13.0
Short Blades   | 5 6 9 10 | 10.0
Stealth        | 8 10 13 | 13.0
Transmutations | 3 |  3.0
Dodging        | 5 8 |  8.3
Fighting       | 4 |  4.0

Action                   |  1- 3 |  4- 6 |  7- 9 | 10-12 || total
-------------------------+-------+-------+-------+-------++-------
Melee: Dagger            |       |       |    87 |   335 ||   422
       Unarmed           |       |       |     8 |     5 ||    13
       Headbutt          |       |       |       |    50 ||    50
Throw: Stone             |       |       |       |     1 ||     1
 Cast: Sandblast         |    35 |    54 |   126 |    17 ||   232
       Passwall          |       |     3 |     8 |     6 ||    17
       Petrify           |       |     3 |    56 |   127 ||   186
       Lee's Rapid Decon |       |       |    15 |    44 ||    59
       Confusing Touch   |       |       |       |     1 ||     1
Invok: Potion Petition   |       |       |     1 |       ||     1
  Use: Scroll            |       |       |    11 |     4 ||    15
       Potion            |       |       |       |    15 ||    15
 Stab: Petrified         |       |       |    62 |    59 ||   121
       Sleeping          |       |       |     4 |    15 ||    19
       Petrifying        |       |       |     8 |    24 ||    32
       Distracted        |       |       |       |     4 ||     4
  Eat: Chunk             |       |     3 |     1 |       ||     4
       Meat ration       |       |       |     2 |     2 ||     4
       Beef jerky        |       |       |     2 |       ||     2
       Pizza             |       |       |     1 |       ||     1
       Bread ration      |       |       |     2 |     5 ||     7
       Fruit             |       |       |       |     1 ||     1
Armor: Robe              |     4 |     2 |    29 |    41 ||    76
Dodge: Dodged            |     7 |     9 |    60 |   210 ||   286
